 Dungeon Crawl Stone Soup version 0.24.0-35-gdb84b6a5db (webtiles) character file.

Game seed: 14689098130558237030, levelgen mode: deterministic

94 Nattfarinn the Bolt Thrower (level 4, -3/28 HPs)
             Began as a Kobold Hunter on Nov 19, 2019.
             Slain by a big kobold
             ... wielding a +0 whip
              (8 damage)
             ... in a sewer.
             The game lasted 00:04:49 (2828 turns).

Nattfarinn the Bolt Thrower (Kobold Hunter)         Turns: 2828, Time: 00:04:50

Health: -3/28      AC:  7    Str: 10    XL:     4   Next: 94%
Magic:  4/4        EV: 15    Int: 12    God:
Gold:   163        SH:  0    Dex: 17    Spells: 3/3 levels left

rFire    . . .     SeeInvis .   b - +0 short sword
rCold    . . .     Gourm    .   (shield restricted)
rNeg     . . .     Faith    .   c - +0 leather armour
rPois    .         Spirit   .   (no helmet)
rElec    .         Reflect  .   (no cloak)
rCorr    .         Harm     .   k - +2 pair of gloves
MR       .....                  r - +0 pair of boots
Stlth    ++........             (no amulet)
HPRegen  0.09/turn              m - +2 ring of dexterity
MPRegen  0.09/turn              (no ring)

@: no status effects
A: small, carnivore
a: no special abilities


You were in a sewer.
You were very full.

You visited 1 branch of the dungeon, and saw 3 of its levels.
You also visited: Sewer.

You collected 163 gold pieces.

Inventory:

Hand Weapons
 a - a +1 hand crossbow
 b - a +0 short sword (weapon)
 q - a -1 dagger
Missiles
 d - 15 bolts
Armour
 c - a +0 leather armour (worn)
 k - a +2 pair of gloves (worn)
 r - a +0 pair of boots (worn)
Jewellery
 m - a +2 ring of dexterity (left hand)
Scrolls
 e - a scroll of fear {unknown}
 h - 3 scrolls of remove curse
 i - a scroll of blinking
 j - a scroll of enchant weapon {unknown}
 l - 2 scrolls of teleportation
 o - a scroll of immolation {unknown}
Potions
 n - a potion of cancellation {unknown}
 s - 2 potions of lignification
Comestibles
 f - 3 rations


   Skills:
 + Level 3.1 Fighting
 * Level 5.7 Crossbows
 + Level 3.3 Dodging
 + Level 3.0 Stealth


You had 3 spell levels left.
You didn't know any spells.
Your spell library was empty.

Dungeon Overview and Level Annotations

Branches:
Dungeon (3/15)              Sewer (1/1)

Altars:


Innate Abilities, Weirdness & Mutations

You are small and have problems with some larger weapons.
You are carnivorous and can eat meat at any time.


Message History

You hit the big kobold.
The big kobold is severely wounded.
The big kobold splashes around in the water.
You barely miss the big kobold.
The big kobold is severely wounded.
The big kobold hits you but does no damage.
The big kobold hits you with a +0 whip.
* * * LOW HITPOINT WARNING * * *
You hit the big kobold.
The big kobold is almost dead.
The big kobold hits you with a +0 whip.
* * * LOW HITPOINT WARNING * * *
You barely miss the big kobold.
The big kobold is almost dead.
The big kobold hits you with a +0 whip.
* * * LOW HITPOINT WARNING * * *
You hit the big kobold.
The big kobold is almost dead.
The big kobold hits you with a +0 whip!
You die...

#≈ ≈#≈ ≈# #≈
≈#≈ ≈# ≈#≈#≈#≈#
≈≈≈#≈≈≈# #≈#
#≈# #≈# #≈#
#≈###≈# #≈≈K≈≈#
##.@†## #≈≈≈#
#≈≈.# #.≈≈##
#≈≈.≈## #..
#≈≈≈.≈#####≈.≈≈
##≈...≈..≈≈.≈.≈
###..≈≈≈≈.≈≈#
##.≈≈≈.≈.#


You could see a big kobold.

Vanquished Creatures
  3 adders (D:2)
  2 oozes (D:1)
  2 worms (D:2)
  A dart slug (D:2)
  2 leopard geckos (D:3)
  3 giant cockroaches
  4 goblins
  8 hobgoblins
  3 jackals (D:1)
  9 kobolds
  5 bats
  5 frilled lizards
  4 rats
51 creatures vanquished.

Notes
Turn   | Place    | Note
-------+----------+-------------------------------------------
     0 | D:1      | Nattfarinn the Kobold Hunter began the quest for the Orb.
     0 | D:1      | Reached XP level 1. HP: 12/12 MP: 1/1
   173 | D:1      | Reached XP level 2. HP: 13/18 MP: 2/2
   584 | D:1      | Reached skill level 5 in Crossbows
  1101 | D:1      | Reached XP level 3. HP: 17/22 MP: 3/3
  1843 | D:2      | Reached XP level 4. HP: 19/27 MP: 4/4
  2767 | D:3      | Found a glowing drain.
  2771 | Sewer    | Entered a sewer
  2790 | Sewer    | Noticed a big kobold
  2828 | Sewer    | Slain by a big kobold

Levels and vault maps discovered:
D:1:      dpeg_arrival_refuge, layout_basic, minmay_split_cup_large
D:2:      layout_basic, first_ration
D:3:      layout_rooms, gup_sewer_entry_bowl, minmay_diced_spiral, uniq_sigmund
Sewer:    sewer_co_tree

Skill      XL: |  1  2  3  4 |
---------------+-------------+-----
Crossbows      | 5 |  5.7
Stealth        | 2 3 |  3.0
Dodging        | 3 |  3.3
Fighting       | 3 |  3.1

Action                   |  1- 3 |  4- 6 || total
-------------------------+-------+-------++-------
Melee: Short sword       |   154 |   112 ||   266
 Fire: Hand crossbow     |       |    10 ||    10
  Use: Potion            |     1 |       ||     1
       Scroll            |       |     5 ||     5
 Stab: Sleeping          |     5 |     2 ||     7
  Eat: Chunk             |    11 |     3 ||    14
Armor: Leather armour    |    32 |    42 ||    74
Dodge: Dodged            |   173 |   122 ||   295
